 Dungeon Crawl Stone Soup version 0.27.1-33-g824d729ab1 (webtiles) character file.

Game seed: 1990655712309628095

502 Descartes the Sneak (level 6, -6/32 HPs)
             Began as a Spriggan Wanderer on Dec 5, 2021.
             Mangled by Crazy Yiuf (13 damage)
             ... on level 3 of the Dungeon.
             The game lasted 00:19:34 (6863 turns).

Descartes the Sneak (Spriggan Wanderer)             Turns: 6863, Time: 00:19:34

Health: -6/32      AC:  2    Str:  9    XL:     6   Next: 95%
Magic:  3/7        EV: 18    Int: 16    God:
Gold:   134        SH:  0    Dex: 13    Spells: 0/5 levels left

rFire    . . .     SeeInvis +   a - +0 rapier
rCold    . . .     Faith    .   (shield restricted)
rNeg     . . .     Spirit   .   c - +0 robe
rPois    .         Reflect  .   (helmet restricted)
rElec    .         Harm     .   (no cloak)
rCorr    .         Rampage  .   (gloves unavailable)
Will     +....                  (boots unavailable)
Stlth    +++.......             (no amulet)
HPRegen  0.10/turn              j - ring of wizardry
MPRegen  0.10/turn              (no ring)

@: very quick
A: very small, no large weapons, unfitting armour, see invisible, speed 3
a: no special abilities


You were on level 3 of the Dungeon.
You visited 1 branch of the dungeon, and saw 4 of its levels.

You collected 134 gold pieces.

Inventory:

Hand Weapons
 a - a +0 rapier (weapon)
 q - a +0 dagger
Missiles
 f - 84 stones
 g - 71 arrows
 k - a throwing net
 p - 22 poisoned darts (quivered)
Armour
 c - a +0 robe (worn)
Jewellery
 j - a ring of wizardry (left hand)
Scrolls
 b - 2 scrolls of enchant weapon {unknown}
 d - a scroll of fear {unknown}
 h - 3 scrolls of identify {unknown}
 l - a scroll of blinking {unknown}
 m - a scroll of vulnerability {unknown}
 t - a scroll of brand weapon {unknown}
 u - a scroll of summoning {unknown}
Potions
 e - a potion of curing {unknown}
 i - a potion of might {unknown}
 n - a potion of magic {unknown}
 o - 2 potions of degeneration {unknown}
 s - a potion of heal wounds
 v - a potion of ambrosia {unknown}


   Skills:
 - Level 2.4 Fighting
 + Level 2.6 Short Blades
 + Level 3.0(3.1) Slings
 + Level 2.9 Bows
 - Level 1.0(1.8) Throwing
 + Level 4.9 Dodging
 - Level 5.0 Stealth
 - Level 1.0 Necromancy
 + Level 3.1 Ice Magic


You couldn't memorise any spells.
You knew the following spells:

 Your Spells              Type           Power      Damage    Failure   Level
a - Freeze                Ice            40%        1d6       2%          1
b - Ozocubu's Armour      Ice            10%        N/A       9%          3
c - Summon Small Mammal   Summ           0%         N/A       11%         1

Your spell library contained the following spells:

 Spells                   Type           Power      Damage    Failure   Level
 Frozen Ramparts          Ice            20%        1d4       9%          3
 Blink                    Tloc           N/A        N/A       16%         2
 Lesser Beckoning         Tloc           0%         N/A       28%         3
 Summon Guardian Golem    Hex/Summ       0%         N/A       28%         3
 Hailstorm                Conj/Ice       5%         3d4       45%         4
 Manifold Assault         Tloc           0%         N/A       93%         5


Dungeon Overview and Level Annotations

Branches:
Dungeon (4/15)
 Temple: D:4-7

Altars:
Dithmenos
Qazlal
Zin

Shops:
D:1 *

Annotations:
D:1 Terence
D:3 Crazy Yiuf
D:4 Grinder


Innate Abilities, Weirdness & Mutations

You are very small and have problems with some larger weapons.
You are too small for most types of armour.
You have supernaturally acute eyesight. (SInv)
You cover ground extremely quickly. (Speed+++)


Message History

You closely miss Crazy Yiuf.
Crazy Yiuf is moderately wounded.
Crazy Yiuf barely misses you.
You hit Crazy Yiuf.
Crazy Yiuf is heavily wounded.
Crazy Yiuf hits you with a +3 quarterstaff of chaos!
* * * LOW HITPOINT WARNING * * *
Casting: Summon Small Mammal (safe; 11% risk of failure)
Confirm with . or Enter, or press ? or * to list all spells.
The spell is quite dangerous to cast (9% risk of failure)!
Continue anyway?
Okay, then.
Casting: Ozocubu's Armour (quite dangerous; 9% risk of failure)
Confirm with . or Enter, or press ? or * to list all spells.
Casting: Summon Small Mammal (safe; 11% risk of failure)
Confirm with . or Enter, or press ? or * to list all spells.
Your bat hits Crazy Yiuf but does no damage.
Your bat hits Crazy Yiuf.
Casting: Summon Small Mammal (safe; 11% risk of failure)
Confirm with . or Enter, or press ? or * to list all spells.
You don't have enough magic to cast this spell.
You hit Crazy Yiuf.
Crazy Yiuf is severely wounded.
Your bat hits Crazy Yiuf but does no damage.
Crazy Yiuf barely misses you. Crazy Yiuf misses you.
You hit Crazy Yiuf.
Crazy Yiuf is severely wounded.
Your rat completely misses Crazy Yiuf.
Your bat hits Crazy Yiuf but does no damage.
Crazy Yiuf screams, "Leather forty-two high!"
Crazy Yiuf closely misses you.
You closely miss Crazy Yiuf.
Crazy Yiuf is severely wounded.
Your bat hits Crazy Yiuf but does no damage.
Your rat bites Crazy Yiuf but does no damage.
Crazy Yiuf barely misses you.
You hit Crazy Yiuf but do no damage.
Crazy Yiuf is severely wounded.
Your bat closely misses Crazy Yiuf.
Your rat closely misses Crazy Yiuf.
Crazy Yiuf hits you with a +3 quarterstaff of chaos!
You die...

#.# ##.## #.# #..# #.#
#########'##############
#.#####.......................
#...##...####..P.P..._...P....
#.#...........................
#.#.######....b...############
#.#.######........############
#........)...@g..............'
###.######...r.....###.####.##
#.# #########.###.## #.## #.#
#.##...# #.## #.#
########....# #### ######.#
####....# #....# #.. #.≈P.#.#
##.≈≈.#### ♣....♣ #.. ..≈≈P≈.#
#.P≈≈.# ♣...♣♣ #.. .≈≈P≈≈P#
#≈≈≈≈.# ♣♣.♣♣ #..


You could see Crazy Yiuf (ally target), a friendly bat (summoned) and a friendly
rat (summoned).

Vanquished Creatures
  Sigmund (D:3)
  A scorpion (D:3)
  A howler monkey (D:4)
  A centaur skeleton (D:4)
  Natasha (thrice) (D:3)
  7 adders
  3 adder skeletons (D:4)
  A worm (D:3)
  A dart slug (D:3)
  3 orcs
  3 ball pythons
  4 bats
  5 endoplasms
  2 giant cockroaches
  8 goblins
  3 hobgoblins
  5 jackals
  2 quokkas (D:3)
  2 frilled lizards
  2 kobolds
  2 rats
60 creatures vanquished.

Vanquished Creatures (others)
  49 plants (D:3)
49 creatures vanquished.

Grand Total: 109 creatures vanquished

Notes
Turn   | Place    | Note
-------+----------+-------------------------------------------
     0 | D:1      | Descartes the Spriggan Wanderer began the quest for the
                  | Orb.
     0 | D:1      | Descartes set off with the following items: a +0 dagger, 11
                  | poisoned darts, a +0 robe; and the following spells
                  | available to memorise: Freeze, Summon Small Mammal, Frozen
                  | Ramparts, Ozocubu's Armour, Summon Guardian Golem,
                  | Hailstorm
     0 | D:1      | Reached XP level 1. HP: 11/11 MP: 2/2
   147 | D:1      | Found Jeph's Assorted Antiques.
   450 | D:1      | Reached skill level 2 in Stealth
   997 | D:1      | Reached XP level 2. HP: 16/16 MP: 3/3
  1385 | D:2      | Noticed a floating eye
  1386 | D:2      | Noticed Terence
  1387 | D:2      | Found a faded altar of an unknown god.
  1388 | D:2      | Noticed a golden eye
  1388 | D:2      | Noticed a golden eye
  1388 | D:2      | Noticed a golden eye
  1439 | D:1      | Learned a level 1 spell: Freeze
  2219 | D:2      | Reached skill level 3 in Stealth
  2219 | D:2      | Reached XP level 3. HP: 19/19 MP: 1/4
  3537 | D:3      | Reached XP level 4. HP: 23/23 MP: 5/5
  3950 | D:3      | Found a stormy altar of Qazlal.
  3974 | D:3      | Noticed Natasha
  3981 | D:3      | Killed Natasha
  3982 | D:3      | Reached skill level 1 in Short Blades
  3982 | D:3      | Reached skill level 1 in Slings
  3982 | D:3      | Reached skill level 1 in Bows
  4066 | D:3      | Noticed Natasha
  4077 | D:3      | Killed Natasha
  4299 | D:3      | Found a runed translucent door.
  4300 | D:3      | Noticed Crazy Yiuf
  4334 | D:3      | Noticed Sigmund
  4518 | D:3      | Reached XP level 5. HP: 23/27 MP: 1/6
  4608 | D:3      | Noticed Natasha
  4626 | D:3      | Killed Natasha
  4627 | D:3      | Reached skill level 4 in Stealth
  4941 | D:3      | Learned a level 3 spell: Ozocubu's Armour
  4954 | D:3      | Killed Sigmund
  4955 | D:3      | Reached XP level 6. HP: 21/32 MP: 1/7
  5525 | D:4      | Noticed Grinder
  5697 | D:4      | Reached skill level 5 in Stealth
  5756 | D:4      | Found a glowing silver altar of Zin.
  5768 | D:4      | Found a shadowy altar of Dithmenos.
  6053 | D:4      | Paralysed by Grinder for 2 turns
  6827 | D:3      | Learned a level 1 spell: Summon Small Mammal
  6863 | D:3      | Mangled by Crazy Yiuf

Illustrated notes

Levels and vault maps discovered:
D:1:      amcnicky_arrival_underground_garden, layout_basic, serial_shops, shop,
          serial_corexii_hall, corexii_hall_statues_x, corexii_hall_statues_l,
          fountainhead
D:2:      layout_loops_ring, hellmonk_ecumenical_altar_watching_god,
          uniq_terence
D:3:      layout_basic, mainiacjoe_overflow_boulevard, serial_bayou_lagoon_a,
          uniq_sigmund, uniq_crazy_yiuf_cottage, uniq_natasha
D:4:      layout_loops_ring, nicolae_overflow_hidden_temple,
          amethyst_overflow_temple_binary, hangedman_decor_opposing,
          minmay_three_crescents, uniq_purgy, uniq_grinder, uniq_menkaure,
          uniq_duvessa

Skill      XL: |  1  2  3  4  5  6 |
---------------+-------------------+-----
Stealth        | 2 3 4 5 |  5.0
Dodging        | 3 4 |  4.9
Ice Magic      | 2 3 |  3.1
Short Blades   | 1 2 |  2.6
Slings         | 1 2 3 |  3.0
Bows           | 1 2 |  2.9
Fighting       | |  2.4
Throwing       | |  1.0
Necromancy     | |  1.0

Action                   |  1- 3 |  4- 6 || total
-------------------------+-------+-------++-------
Melee: Dagger            |   103 |    18 ||   121
       Rapier            |       |    75 ||    75
 Fire: Hunting sling     |    24 |    50 ||    74
Throw: Dart              |    12 |    30 ||    42
       Stone             |       |     4 ||     4
 Cast: Freeze            |    22 |    50 ||    72
       Summon Small Mamm |       |     5 ||     5
  Use: Potion            |       |     1 ||     1
 Stab: Sleeping          |     3 |     4 ||     7
Armor: Robe              |    13 |    10 ||    23
Dodge: Dodged            |   115 |   129 ||   244
